 Dungeon Crawl Stone Soup version 0.28-a0-861-ge64d6db94f (webtiles) character file.

Game seed: 14655414229644958370

739 mcbry74 the Chopper (level 7, -2/66 HPs)
             Began as a Hill Orc Fighter on Nov 15, 2021.
             Was a Follower of the Shining One.
             Slain by a scorpion (4 damage)
             ... on level 4 of the Dungeon.
             The game lasted 00:10:35 (4317 turns).

mcbry74 the Chopper (Hill Orc Fighter)              Turns: 4317, Time: 00:10:35

Health: -2/66      AC: 10    Str: 20    XL:     7   Next: 75%
Magic:  11/11      EV:  9    Int:  9    God:    the Shining One [*.....]
Gold:   174        SH:  4    Dex: 10    Spells: 6/6 levels left

rFire   . . .      SeeInvis .   a - +0 war axe
rCold   . . .      Faith    .   c - +0 buckler
rNeg    . . .      Spirit   .   b - +0 scale mail
rPois   .          Reflect  .   (no helmet)
rElec   .          Harm     .   h - +0 cloak
rCorr   .          Rampage  .   g - +0 pair of gloves
Will    .....                   k - +0 pair of boots
Stlth   ..........              (no amulet)
HPRegen 0.21/turn               (no ring)
MPRegen 0.12/turn               (no ring)

@: mighty, lethally poisoned (-2 -> -7), glowing
A: no striking features
a: Renounce Religion, Divine Shield


You were on level 4 of the Dungeon.
You worshipped the Shining One.
The Shining One was aware of your devotion.
You visited 2 branches of the dungeon, and saw 6 of its levels.

You collected 174 gold pieces.

Inventory:

Hand Weapons
 a - a +0 war axe (weapon)
Missiles
 e - 32 poisoned darts (quivered)
 p - 4 boomerangs of dispersal
Armour
 b - a +0 scale mail (worn)
 c - a +0 buckler (worn)
 g - a +0 pair of gloves (worn)
 h - a +0 cloak (worn)
 k - a +0 pair of boots (worn)
Jewellery
 q - a +6 ring of intelligence
 t - a ring of wizardry
Scrolls
 f - 4 scrolls of identify
 i - a scroll of amnesia {unknown}
 j - 2 scrolls of fear {unknown}
 l - 2 scrolls of enchant armour {unknown}
 m - 2 scrolls of enchant weapon {unknown}
 n - a scroll of fog {unknown}
 o - a scroll of holy word {unknown}
 s - a scroll of teleportation {unknown}
Potions
 r - 2 potions of brilliance {unknown}
 u - a potion of attraction {unknown}


   Skills:
 + Level 7.0 Fighting
 + Level 7.0 Axes
 - Level 3.2 Armour
 - Level 3.2 Shields
 + Level 5.4 Invocations


You had 6 spell levels left.
You didn't know any spells.
Your spell library contained the following spells:

 Spells                   Type           Power      Damage    Failure   Level
 Animate Skeleton         Necr           0%         N/A       77%         1
 Pain                     Necr           0%         1d4       77%         1
 Corpse Rot               Necr/Air       0%         N/A       88%         2
 Poisonous Vapours        Pois/Air       0%         N/A       88%         2
 Call Canine Familiar     Summ           0%         N/A       98%         3
 Portal Projectile        Hex/Tloc       0%         N/A       98%         3
 Summon Guardian Golem    Hex/Summ       0%         N/A       98%         3
 Vampiric Draining        Necr           0%         2d6       98%         3
 Leda's Liquefaction      Hex/Erth       0%         N/A       100%        4
 Orb of Destruction       Conj           0%         N/A       100%        7
 Spellforged Servitor     Conj/Summ      0%         N/A       100%        7


Dungeon Overview and Level Annotations

Branches:
Dungeon (5/15)             Temple (1/1) D:4

Altars:
Ashenzari
Cheibriados
Dithmenos
Elyvilon
Fedhas
Hepliaklqana
Kikubaaqudgha
Nemelex Xobeh
Ru
Sif Muna
Trog
Uskayaw
Vehumet
Wu Jian
Zin
The Shining One


Message History

You slash the ogre!
The ogre is almost dead.
The ogre hits you with a +0 giant club!!
You barely miss the ogre.
The ogre is almost dead.
The ogre hits you with a +0 giant club!
You slash the ogre!
You kill the ogre!
The scorpion stings you.
Your Fighting skill increases to level 7!
Your Axes skill increases to level 7!
The scorpion stings you.
You are poisoned.
The scorpion poisons you!
You feel very sick.
You feel sick.
You feel sick.
You feel sick.
You feel sick.
You feel sick.
The scorpion stings you but does no damage.
You feel sick.
You feel sick.
You are no longer poisoned.
There is a stone staircase leading up here.
The scorpion stings you but does no damage. x2
You climb upwards.
There is a stone staircase leading down here.
You hit the scorpion but do no damage. The scorpion stings you.
* * * LOW HITPOINT WARNING * * *
You are poisoned.
The scorpion poisons you!
You feel very mighty all of a sudden.
You feel very sick. The scorpion stings you.
* * * LOW HITPOINT WARNING * * *
You barely miss the scorpion.
You feel sick. The scorpion stings you!
* * * LOW HITPOINT WARNING * * *
The scorpion stings you.
You die...

#..# ####.####
#..## #...#
######...#
###...###
#......#.#
#.......#
#.####.#.#
#.......# #.#
#.#.# #.......#
#.# #.#.#
###...### #.#
#.#.# #...# #.#
#@#.##########.###
#.#
#s#...............
#.#
#.############.###
#.# #.# #.# #.#
#.# #.# #.# #.#
######## ##.## #.#
#._.#._.
##...###.#
#...#...
#.....(#.#
##)###)#


You could see a scorpion.

Vanquished Creatures
  A sky beast (D:4)
  2 ogres
  A phantom (D:4)
  A scorpion (D:4)
  2 iguanas
  Jessica (D:3)
  4 orc wizards (D:4)
  A hound skeleton (D:4)
  6 adders
  2 worms
  2 dart slugs (D:1)
  4 orcs (D:4)
  8 endoplasms
  2 giant cockroaches
  7 goblins
  11 hobgoblins
  2 jackals (D:4)
  7 quokkas
  12 ball pythons
  4 bats
  6 frilled lizards
  5 kobolds
  3 rats
94 creatures vanquished.

Vanquished Creatures (others)
  4 plants (D:1)
4 creatures vanquished.

Grand Total: 98 creatures vanquished

Notes
Turn   | Place    | Note
-------+----------+-------------------------------------------
     0 | D:1      | mcbry74 the Hill Orc Fighter began the quest for the Orb.
     0 | D:1      | Reached XP level 1. HP: 19/19 MP: 1/1
   181 | D:3      | Noticed Jessica
   187 | D:3      | Killed Jessica
   188 | D:3      | Reached XP level 2. HP: 27/28 MP: 2/2
   188 | D:3      | Reached XP level 3. HP: 33/34 MP: 3/3
   933 | D:4      | Found a staircase to the Ecumenical Temple.
   951 | D:4      | Reached XP level 4. HP: 37/41 MP: 4/4
   958 | Temple   | Entered the Ecumenical Temple
  1438 | Temple   | Became a worshipper of the Shining One
  1519 | D:4      | Noticed a scorpion
  1527 | D:4      | Killed a scorpion
  1528 | D:4      | Reached skill level 5 in Fighting
  1528 | D:4      | Reached skill level 1 in Invocations
  1528 | D:4      | Reached XP level 5. HP: 48/48 MP: 4/6
  1577 | D:4      | Found a sacrificial altar of Ru.
  1733 | D:2      | Reached skill level 5 in Axes
  2429 | D:1      | Found a faded altar of an unknown god.
  3381 | D:3      | Reached XP level 6. HP: 57/57 MP: 8/8
  3454 | D:4      | Noticed a sky beast
  3454 | D:4      | Reached * piety under the Shining One
  3462 | D:4      | Killed a sky beast
  3686 | D:4      | Reached XP level 7. HP: 63/64 MP: 10/10
  4029 | D:4      | Found a radiant altar of Vehumet.
  4043 | D:4      | Found an ancient bone altar of Kikubaaqudgha.
  4051 | D:4      | Found a shimmering blue altar of Sif Muna.
  4059 | D:4      | Reached skill level 5 in Invocations
  4225 | D:5      | Entered Level 5 of the Dungeon
  4317 | D:4      | HP: 2/66 [scorpion (7)]
  4317 | D:4      | Slain by a scorpion

Illustrated notes

Levels and vault maps discovered:
D:1:      lemuel_arrival_broad_hall, layout_basic,
          hellmonk_ecumenical_altar_blasted, serial_bayou_lagoon_a,
          minmay_hexomino_u4
D:2:      layout_basic
D:3:      layout_loops_cross, uniq_jessica
D:4:      layout_loops_ring, palyth_temple_overflow_mages,
          mainiacjoe_overflow_catwalk, minmay_temple_entry_drinking_statues
D:5:      layout_basic, nicolae_yredelemnul_ghost_church, serial_bayou_lake_a,
          uniq_grinder
Temple:   minmay_temple_forest_path

Skill      XL: |  1  2  3  4  5  6  7 |
---------------+----------------------+-----
Axes           | 3 4 5 6 7 |  7.0
Fighting       | 4 5 6 7 |  7.0
Invocations    | 1 2 4 5 |  5.4
Armour         | |  3.2
Shields        | |  3.2

Action                   |  1- 3 |  4- 6 |  7- 9 || total
-------------------------+-------+-------+-------++-------
Melee: War axe           |    66 |   156 |    32 ||   254
  Use: Scroll            |     1 |       |       ||     1
       Potion            |       |       |     1 ||     1
Armor: Scale mail        |    23 |    78 |     6 ||   107
Dodge: Dodged            |    33 |    66 |    10 ||   109
Block: Buckler           |    11 |    33 |     6 ||    50

Table legend: (Time is in decaauts)
 A = Elapsed time spent in this place.
 B = Non-inter-level travel time spent in this place.
 C = Inter-level travel time spent in this place.
 D = Time resting spent in this place.
 E = Time spent auto-exploring this place.
 F = Levels seen in this place.
 G = Mean time per level.
                   A        B        C        D        E       F      G
               +--------+--------+--------+--------+--------+-----+--------+
         Total |   4400 |   4188 |    212 |    292 |   2972 |   6 |  733.3 |
       Dungeon |   3896 |   3743 |    153 |    292 |   2579 |   5 |  779.2 |
        Temple |    503 |    444 |     59 |      0 |    393 |   1 |  503.0 |
               +--------+--------+--------+--------+--------+-----+--------+

Top non-repeatable levels by time:
     D:4: 1090 daAuts
     D:2: 914 daAuts
     D:3: 911 daAuts
     D:1: 891 daAuts
  Temple: 503 daAuts
     D:5: 90 daAuts
